 Dungeon Crawl Stone Soup version 0.18.1-50-g88ac8fd (webtiles) character file.

36862 Amnesiac the Blocker (level 13, -5/92 (93) HPs)
             Began as a Merfolk Fighter on Mar 4, 2018.
             Was the Champion of Pakellas.
             Slain by an orc warrior
             ... wielding a +0 war axe
              (15 damage)
             ... while paralysed by an orc sorcerer
             ... on level 2 of the Orcish Mines.
             The game lasted 00:46:50 (17954 turns).

Amnesiac the Blocker (Merfolk Fighter)             Turns: 17954, Time: 00:46:51

HP:   -5/92 (93)    AC: 19    Str: 20    XL:     13   Next: 93%
MP:   11/22         EV:  2    Int:  8    God:    Pakellas [******]
Gold: 985           SH:  0    Dex: 14    Spells: 0 memorised, 12 levels left

rFire  . . .     SeeInvis +     a - +0 short sword (elec)
rCold  . . .     Gourm    .     g - +0 plate armour
rNeg   . . .     Faith    .     c - +0 shield
rPois  .         Spirit   .     T - +2 hat
rElec  .         Dismiss  .     v - +0 cloak
rCorr  .         Reflect  .     (no gloves)
SustAt .         Harm     .     u - +1 pair of boots
MR     .....                    x - amulet of rage
Stlth  ..........               m - ring of see invisible
                                F - +3 ring of evasion

@: paralysed, not resistant to hostile enchantments, extremely unstealthy
A: change form in water, swift swim, antennae 1
a: Quick Charge, Device Surge, Supercharge, Renounce Religion, Evoke Berserk
Rage


You were on level 2 of the Orcish Mines.
You worshipped Pakellas.
Pakellas was exalted by your worship.
You were hungry.

You visited 2 branches of the dungeon, and saw 17 of its levels.

You collected 1359 gold pieces.
You spent 374 gold pieces at shops.

Inventory:

Hand Weapons
 a - a +0 short sword of electrocution (weapon)
 Q - a +0 blowgun
 X - a +3 scimitar of flaming
Missiles
 d - 51 poisoned needles
 Z - 5 curare-tipped needles
Armour
 c - a +0 shield (worn)
 g - a +0 plate armour (worn)
 u - a +1 pair of boots (worn)
 v - a +0 cloak (worn)
 R - a +2 robe of fire resistance
 T - a +2 hat (worn)
Rods
 b - a +5 rod of shadows (13/13)
   (Pakellas gifted it to you on level 9 of the Dungeon)
Jewellery
 m - a ring of see invisible (right hand)
 x - an amulet of rage (around neck)
 y - an uncursed ring of flight
 A - an uncursed ring of ice
 F - a +3 ring of evasion (left hand)
Wands
 k - a wand of paralysis (3/24)
 q - a wand of enslavement (0/24)
 S - a wand of disintegration (3/24)
 V - a wand of lightning (0/15)
Scrolls
 n - 2 scrolls of enchant armour {!r}
 p - 3 scrolls of enchant weapon {!r}
 r - 5 scrolls of fog {!r}
 z - 7 scrolls of remove curse {!r}
 C - 8 scrolls of teleportation {!r}
 E - 2 scrolls of fear {!r}
 H - a scroll of acquirement {!r}
 I - 3 scrolls of recharging {!r}
 N - a scroll of amnesia {!r}
 O - 8 scrolls of identify {!r}
 U - 2 scrolls of blinking {!r}
 Y - a scroll of immolation {!r}
Potions
 e - a potion of haste {!q}
 i - 4 potions of invisibility {!q}
 j - a potion of lignification {!q}
 o - 4 potions of curing {!q}
 s - a potion of resistance {!q}
 B - 5 potions of heal wounds {!q}
 J - 3 potions of agility {!q}
 K - a potion of berserk rage {!q}
 M - 6 potions of flight {!q}
 W - 2 potions of magic {!q}
Books
 G - a book of Necromancy

   Spells                             Type                      Level
   a - Pain                           Necromancy                   1
   b - Animate Skeleton               Necromancy                   1
   c - Vampiric Draining              Necromancy                   3
   d - Regeneration                   Charms/Necromancy            3
   e - Animate Dead                   Necromancy                   4
   f - Control Undead                 Necromancy                   4
Miscellaneous
 L - a sack of spiders {used: 3}
 P - a phial of floods
Comestibles
 f - 10 bread rations
 h - 7 meat rations
 l - 3 chunks of flesh
 t - 7 royal jellies
 w - 7 fruits
 D - 2 beef jerkies


   Skills:
 - Level 6.0 Fighting
 - Level 8.0 Short Blades
 - Level 9.0 Armour
 - Level 9.0 Dodging
 + Level 13.4 Shields
 - Level 12.0 Evocations


You had 12 spell levels left.
You didn't know any spells.

Dungeon Overview and Level Annotations

Branches:
Dungeon (15/15)            Temple (0/1) D:7            Lair (0/8) D:9
    Orc (2/2) D:9             Elf (0/3) Orc:2        Vaults (0/5) D:14
 Depths: D:15

Altars:
Elyvilon
Fedhas
Gozag
Kikubaaqudgha
Nemelex Xobeh
Okawaru
Pakellas
Ru
Sif Muna
Trog
Vehumet
Xom
Yredelemnul
Zin
Beogh

Shops:
D:11 ?   D:13 *   Orc:2 (%:[

Annotations:
D:14 exclusion: Roxanne, Roxanne


Innate Abilities, Weirdness & Mutations

You revert to your normal form in water.
You are very nimble and swift while swimming.
You have a pair of small antennae on your head.


Message History

The orc warlord roars a battlecry!
The orc warrior goes into a battle-frenzy!
The orc warrior no longer looks unusually strong.
The orc warlord roars a battlecry!
The orc warrior goes into a battle-frenzy!
The orc warlord roars a battlecry!
Found 24 gold pieces.
An orc warrior comes into view. It is wielding a glaive.
An orc high priest comes into view. It is wielding a short sword.
Found 24 gold pieces.
Found Qeutueth's Antique Armour Emporium.
An orc warrior and an orc knight come into view.
The orc knight shouts!
The orc warlord roars a battlecry!
The orcs go into a battle-frenzy!
The ogre hits you with a giant club.
An orc warrior comes into view. It is wielding an enchanted war axe.
An orc warrior comes into view. It is wielding a trident.
The orc high priest prays to Beogh.
You see here 24 gold pieces.
Found 21 gold pieces.
An orc warrior and a troll come into view.
The troll shouts!
The orc warrior shouts!
The troll moves out of view.
An orc priest comes into view. It is wielding a dagger.
An orc comes into view. It is wielding a hand axe.
The orc priest shouts!
An orc comes into view. It is wielding a whip.
The orc warlord roars a battlecry!
The orcs go into a battle-frenzy!
The orc high priest mumbles some strange prayers to Beogh against you.
Beogh smites you!
Found 21 gold pieces.
An orc, 3 orc warriors, an orc high priest and an orc sorcerer come into view.
The orc sorcerer shouts!
The orc warrior shouts! x2; The orc sorcerer shouts!
The orc shouts!
The orc warrior no longer looks unusually strong.
You block the orc's attack.
An orc knight comes into view. It is wielding a war axe of chopping.
The orc high priest mumbles some strange prayers to Beogh. x2
Found 24 gold pieces.
An orc warrior and an ogre come into view.
The orc warrior shouts!
The orc sorcerer mumbles some strange words.
The orc high priest mumbles some strange prayers to Beogh.
The orc warrior throws a tomahawk.
The tomahawk closely misses you.
The orc sorcerer points at you and mumbles some strange words.
You suddenly lose the ability to move!
The orc knight roars a battlecry!
The orcs go into a battle-frenzy!
Found Suwkeah's Book Emporium.
The orc warrior no longer looks unusually strong.
The orc warrior hits you but does no damage.
The orc sorcerer casts a spell.
The smoke demon gestures at you.
Helpless, you fail to dodge the ball of steam.
* * * LOW HITPOINT WARNING * * *
You are engulfed in a cloud of scalding steam.
* * * LOW HITPOINT WARNING * * *
The orc warrior no longer looks unusually strong.
The orc warrior hits you with a scimitar!!
* * * LOW HITPOINT WARNING * * *
The orc warrior hits you with a war axe!
You die...
Pakellas says: That's one more possible approach eliminated.

#...........∩.
...$..P.......
...#...PoO....
.$......P..P.
#.....o4.... #......o.o.
#...o.o#.#..
##.4@ooo.4.#
##..§ooO.#.## ....
#.§§o...##{.## ..P...
...§....##O#...##.......
..3#.o..##o4o.o.#.P...∩.
.......#....ooo$o......8
...........3oo..........
.......................
........$...#......P...


You could see an orc warlord, 2 orc knights, 2 orc high priests, a hellwing, a
sixfirhy, 2 orc sorcerers, 2 red devils, 8 orc warriors, 3 ogres, an orc priest
and 3 orcs.

Vanquished Creatures
  Snorg (D:11)
  Nessos (Orc:2)
  Josephine (D:13)
  The ghost of Amnesiac the Grand Gadgeteer, a journeyman DEFi of Pakellas (D:14)
  2 hydras
  2 catoblepae
  8 centaur warriors
  Erica (D:8)
  The ghost of Amnesiac the Brilliant, a journeyman DEFi of Pakellas (D:11)
  6 unseen horrors
  3 hill giants
  A harpy (D:13)
  An orc knight (Orc:2)
  A necromancer (D:14)
  A deep elf mage (D:14)
  A griffon (D:12)
  2 manticores (D:12)
  A kobold demonologist (D:13)
  2 freezing wraiths (D:14)
  A komodo dragon (D:9)
  A merfolk (D:10)
  5 trolls
  A jumping spider (shapeshifter) (D:13)
  Grinder (D:3)
  A two-headed ogre (D:11)
  Sigmund (D:2)
  A shadow (D:12)
  A wyvern (D:10)
  2 vampires
  A spriggan (D:10)
  8 wraiths
  2 basilisks (D:12)
  A hippogriff (D:12)
  4 yaks
  2 hungry ghosts
  12 vampire mosquitoes
  A water moccasin (D:7)
  10 orc warriors
  A wasp (D:13)
  A black bear (D:10)
  5 ice beasts
  3 sky beasts
  2 necrophages
  An eye of draining (D:11)
  11 ogres
  13 centaurs
  3 phantoms
  The ghost of Amnesiac the Cutter, an amateur MfFi of Pakellas (D:7)
  2 crocodiles
  5 big kobolds
  A big kobold (shapeshifter) (D:14)
  7 gnoll sergeants (D:9)
  6 giant frogs
  4 scorpions
  12 killer bees
  5 wights (D:6)
  4 howler monkeys
  3 centaur zombies
  7 crimson imps
  A quasit (D:11)
  A giant frog zombie (D:9)
  9 hounds
  3 jellies (D:13)
  A giant frog skeleton (D:4)
  9 orc priests
  2 iguanas
  Jessica (D:2)
  10 orc wizards
  12 worker ants
  A killer bee zombie (D:7)
  A howler monkey zombie (D:4)
  8 gnolls
  6 adders
  3 shadow imps
  An adder zombie (D:7)
  An adder skeleton (D:10)
  2 worms (D:2)
  8 giant geckos
  41 orcs
  5 giant cockroaches
  5 goblins
  9 hobgoblins
  19 jackals
  2 quokkas (D:2)
  4 ball pythons
  6 bats
  7 giant newts
  A jackal zombie (D:8)
  18 kobolds
  6 rats
393 creatures vanquished.

Vanquished Creatures (collateral kills)
  A manticore (D:11)
  A kobold demonologist (D:11)
  2 trolls
  An ice beast (D:7)
  2 orc warriors
  An eye of draining (D:11)
  An ogre (Orc:2)
  A centaur (D:14)
  A giant frog (D:7)
  A quasit (D:6)
  An orc wizard (D:7)
  An iguana (D:11)
  A gnoll (D:7)
  12 orcs
  2 jackals (D:7)
29 creatures vanquished.

Vanquished Creatures (others)
  An ogre (D:7)
  A centaur (D:11)
  2 orc wizards
  An orc (D:10)
  2 plants
7 creatures vanquished.

Grand Total: 429 creatures vanquished

Notes
Turn   | Place    | Note
--------------------------------------------------------------
     0 | D:1      | Amnesiac the Merfolk Fighter began the quest for the Orb.
     0 | D:1      | Reached XP level 1. HP: 18/18 MP: 1/1
   206 | D:1      | Reached XP level 2. HP: 22/24 MP: 2/2
   379 | D:3      | Reached XP level 3. HP: 12/29 MP: 3/3
   689 | D:3      | Noticed Grinder
   690 | D:3      | Paralysed by Grinder for 5 turns
   700 | D:3      | Paralysed by Grinder for 5 turns
  1082 | D:4      | Reached XP level 4. HP: 24/38 MP: 4/4
  1166 | D:4      | Reached skill level 5 in Fighting
  1308 | D:4      | Found a bloodstained altar of Trog.
  1324 | D:4      | Reached XP level 5. HP: 39/44 MP: 5/5
  1381 | D:4      | Reached skill level 5 in Short Blades
  1513 | D:4      | Reached XP level 6. HP: 20/51 MP: 6/6
  1840 | D:5      | Entered Level 5 of the Dungeon
  1840 | D:5      | Noticed a sky beast
  2017 | D:5      | Noticed an ice beast
  2030 | D:5      | Killed an ice beast
  2059 | D:5      | Found an opulent altar of Gozag.
  2128 | D:5      | Found an ancient bone altar of Kikubaaqudgha.
  2128 | D:5      | Found a basalt altar of Yredelemnul.
  2128 | D:5      | Found a shimmering altar of Xom.
  2195 | D:5      | Found a radiant altar of Vehumet.
  2197 | D:5      | Found a sparkling altar of Nemelex Xobeh.
  2204 | D:5      | Found an oddly glowing altar of Pakellas.
  2206 | D:5      | Found a blossoming altar of Fedhas.
  2208 | D:5      | Found a glowing silver altar of Zin.
  2211 | D:5      | Found a deep blue altar of Sif Muna.
  2243 | D:5      | Reached XP level 7. HP: 23/56 MP: 7/7
  2402 | D:5      | Became a worshipper of Pakellas the Inventive
  2930 | D:2      | Noticed Jessica
  2932 | D:2      | Killed Jessica
  2932 | D:2      | Reached skill level 1 in Evocations
  2990 | D:2      | Reached * piety under Pakellas
  2990 | D:2      | Received a gift from Pakellas
  3170 | D:2      | Noticed Sigmund
  3180 | D:2      | Killed Sigmund
  3671 | D:4      | Reached ** piety under Pakellas
  3671 | D:4      | Received a gift from Pakellas
  3773 | D:3      | Killed Grinder
  3773 | D:3      | Reached skill level 5 in Evocations
  3773 | D:3      | Reached XP level 8. HP: 49/62 MP: 11/11
  5018 | D:6      | Got a slimy mace
  5294 | D:6      | Reached XP level 9. HP: 68/68 MP: 15/15
  5425 | D:6      | Identified the cursed +0 mace of Shame {flame, rN+ Int+2} (You found it on level 6 of the Dungeon)
  6226 | D:7      | Noticed Amnesiac's ghost (amateur MfFi)
  6435 | D:7      | Found an iron altar of Okawaru.
  6475 | D:7      | Reached *** piety under Pakellas
  6475 | D:7      | Received a gift from Pakellas
  6953 | D:7      | Killed Amnesiac's ghost
  7202 | D:7      | Reached skill level 10 in Evocations
  7426 | D:7      | Found a staircase to the Ecumenical Temple.
  8363 | D:8      | Reached **** piety under Pakellas
  8363 | D:8      | Received a gift from Pakellas
  8539 | D:8      | Reached skill level 1 in Dodging
  8576 | D:8      | Noticed Erica
  8580 | D:8      | Killed Erica
  8580 | D:8      | Reached XP level 10. HP: 52/74 MP: 18/18
  8885 | D:8      | Found a white marble altar of Elyvilon.
  9217 | D:9      | Gained mutation: You have a pair of small antennae on your head. [mutagenic meat]
  9218 | D:9      | Gained mutation: You are weak. (Str -2) [mutagenic meat]
  9219 | D:9      | Gained mutation: Scrolls take you a little longer to read. [mutagenic meat]
  9220 | D:9      | Gained mutation: Your flesh is heat resistant. [mutagenic meat]
  9223 | D:9      | Lost mutation: Your flesh is heat resistant. [potion of cure mutation]
  9223 | D:9      | Lost mutation: Scrolls take you a little longer to read. [potion of cure mutation]
  9223 | D:9      | Lost mutation: You are weak. (Str -2) [potion of cure mutation]
  9439 | D:9      | Got a crystal trident {flame}
  9440 | D:9      | Identified the +8 trident of Tynweil {flame, Int+3} (You took it off a gnoll sergeant on level 9 of the Dungeon)
  9447 | D:9      | Reached skill level 5 in Armour
  9536 | D:9      | Found a staircase to the Lair.
  9578 | D:9      | Reached skill level 5 in Dodging
  9619 | D:9      | Found a staircase to the Orcish Mines.
  9660 | D:9      | Reached ***** piety under Pakellas
  9660 | D:9      | Received a gift from Pakellas
  9946 | D:9      | Reached XP level 11. HP: 76/79 MP: 13/19
 10496 | D:10     | Entered Level 10 of the Dungeon
 10543 | D:10     | Killed an unseen horror
 11439 | D:10     | Identified a +5 rod of shadows (13/13) (Pakellas gifted it to you on level 9 of the Dungeon)
 11503 | D:11     | Found Ymuhuy's Magic Scroll Boutique.
 11506 | D:11     | Bought a scroll of recharging for 104 gold pieces
 11506 | D:11     | Bought a scroll of amnesia for 38 gold pieces
 11506 | D:11     | Bought a scroll of blinking for 82 gold pieces
 11506 | D:11     | Bought a scroll of teleportation for 33 gold pieces
 11506 | D:11     | Bought a scroll of identify for 22 gold pieces
 11506 | D:11     | Bought a scroll of identify for 22 gold pieces
 11506 | D:11     | Bought a scroll of identify for 22 gold pieces
 11506 | D:11     | Bought a scroll of identify for 22 gold pieces
 11516 | D:11     | Noticed a hill giant
 11520 | D:11     | Killed a hill giant
 11528 | D:11     | Noticed Amnesiac's ghost (journeyman DEFi)
 11536 | D:11     | Killed Amnesiac's ghost
 11919 | D:11     | Noticed a centaur warrior
 11937 | D:11     | Killed a centaur warrior
 12035 | D:11     | Noticed Snorg
 12035 | D:11     | Noticed a manticore
 12051 | D:11     | Killed a manticore
 12061 | D:11     | Reached ****** piety under Pakellas
 12266 | D:11     | Killed Snorg
 12266 | D:11     | Reached skill level 5 in Shields
 12266 | D:11     | Reached XP level 12. HP: 85/85 MP: 13/20
 12555 | D:11     | Reached skill level 6 in Shields
 13178 | D:12     | Reached skill level 7 in Shields
 13256 | D:12     | Noticed a catoblepas
 13304 | D:12     | Killed a catoblepas
 13585 | D:12     | Reached skill level 8 in Shields
 13601 | D:12     | Noticed a centaur warrior
 13612 | D:12     | Killed a centaur warrior
 13861 | D:12     | Noticed a centaur warrior
 13870 | D:12     | Killed a centaur warrior
 13870 | D:12     | Reached skill level 9 in Shields
 14108 | D:12     | Noticed an eight-headed hydra
 14119 | D:12     | Killed an eight-headed hydra
 14690 | D:13     | Noticed Josephine
 14693 | D:13     | Noticed a centaur warrior
 14703 | D:13     | Killed Josephine
 14703 | D:13     | Reached XP level 13. HP: 53/92 MP: 22/22
 14962 | D:13     | Reached skill level 10 in Shields
 15095 | D:13     | Identified a scroll of acquirement {!r}
 15295 | D:13     | Found Bisaiv's Assorted Antiques.
 15302 | D:13     | Bought a scroll labeled ZYEPSE RYKA for 29 gold pieces
 15434 | D:13     | Reached skill level 11 in Shields
 15780 | D:14     | Found a gate to the Vaults.
 15914 | D:14     | Noticed Amnesiac's ghost (journeyman DEFi)
 15955 | D:14     | Killed Amnesiac's ghost
 15966 | D:14     | Noticed Roxanne
 15972 | D:14     | Reached skill level 12 in Shields
 15995 | D:14     | Found a blossoming altar of Fedhas.
 16274 | D:14     | Found a sacrificial altar of Ru.
 16510 | D:15     | Entered Level 15 of the Dungeon
 17106 | D:15     | Reached skill level 13 in Shields
 17465 | Orc:1    | Entered Level 1 of the Orcish Mines
 17708 | Orc:2    | Entered Level 2 of the Orcish Mines
 17708 | Orc:2    | Noticed Nessos
 17719 | Orc:2    | Killed Nessos
 17779 | Orc:2    | Found a roughly hewn altar of Beogh.
 17809 | Orc:2    | Found a staircase to the Elven Halls.
 17855 | Orc:2    | Found Ischidio's Antique Weapon Boutique.
 17906 | Orc:2    | Noticed an orc warlord
 17928 | Orc:2    | Found Nifriu's Food Shoppe.
 17941 | Orc:2    | Found Qeutueth's Antique Armour Emporium.
 17952 | Orc:2    | Found Suwkeah's Book Emporium.
 17952 | Orc:2    | Paralysed by an orc sorcerer for 7 turns
 17954 | Orc:2    | Slain by an orc warrior

Skill      XL: |  1  2  3  4  5  6  7  8  9 10 11 12 13 |
---------------+----------------------------------------+-----
Short Blades   | 3 4 6 7 8 |  8.0
Fighting       | 4 5 6 |  6.0
Evocations     | 5 8 11 12 | 12.0
Dodging        | 3 6 9 |  9.0
Armour         | 4 6 9 |  9.0
Shields        | 5 9 13 | 13.4

Action                   |  1- 3 |  4- 6 |  7- 9 | 10-12 | 13-15 || total
-------------------------+-------+-------+-------+-------+-------++-------
Melee: Rapier            |   143 |    95 |   152 |       |       ||   390
       Mace              |       |    12 |       |       |       ||    12
       Short sword       |       |       |   631 |   978 |   448 ||  2057
       Tailslap          |       |       |     2 |       |       ||     2
       Dagger            |       |       |       |    63 |       ||    63
 Fire: Blowgun           |       |       |     2 |       |       ||     2
Invok: Quick Charge      |       |       |       |     4 |     3 ||     7
       Device Surge      |       |       |       |       |     3 ||     3
 Abil: Evoke Berserk Rag |       |     4 |     2 |       |       ||     6
Evoke: Wand              |       |       |    56 |    64 |    28 ||   148
       Sack of spiders   |       |       |     4 |       |       ||     4
       Rod               |       |       |       |       |     2 ||     2
  Use: Potion            |     1 |     1 |       |     2 |       ||     4
       Scroll            |       |     3 |    17 |     3 |     3 ||    26
 Stab: Confused          |       |       |     6 |       |       ||     6
       Paralysed         |       |       |     1 |    30 |    29 ||    60
       Distracted        |       |       |     1 |       |       ||     1
       Sleeping          |       |       |     1 |       |       ||     1
  Eat: Chunk             |     1 |     4 |    21 |    26 |    13 ||    65
       Meat ration       |       |     1 |       |       |       ||     1
       Royal jelly       |       |       |     1 |       |       ||     1
       Pizza             |       |       |     1 |       |       ||     1
Armor: Scale mail        |    85 |    74 |   112 |       |       ||   271
       Plate armour      |       |       |    39 |   421 |   189 ||   649
       Robe              |       |       |    23 |     1 |       ||    24
Dodge: Dodged            |    62 |    19 |   164 |   309 |   165 ||   719
Block: Shield            |   101 |    50 |   231 |   417 |   320 ||  1119
